 Dungeon Crawl Stone Soup version 0.21-a0-210-gbfa5647 (webtiles) character file.

76190 seren the Thaumaturge (level 15, -6/124 HPs)
             Began as a Black Draconian Fire Elementalist on Aug 20, 2017.
             Was a High Priest of Vehumet.
             Mangled by Snorg (7 damage)
             ... on level 12 of the Dungeon on Aug 21, 2017.
             The game lasted 02:32:26 (25848 turns).

seren the Thaumaturge (DrFE)                       Turns: 25848, Time: 02:32:27

Health: -6/124     AC: 10    Str: 11 (12) XL:     15   Next: 11%
Magic:  30/40      EV: 15    Int: 20 (21) God:    Vehumet [*****.]
Gold:   874        SH:  4    Dex:  9 (11) Spells: 17/38 levels left

rFire    . . .     SeeInvis .   a - +3 whip (freeze)
rCold    . . .     Gourm    .   y - +0 buckler
rNeg     . . .     Faith    .   (armour unavailable)
rPois    .         Spirit   .   (helmet restricted)
rElec    +         Reflect  .   (no cloak)
rCorr    .         Harm     .   v - +0 pair of gloves
MR       +....                  (no boots)
Stlth    +++.......             B - amulet of magic regeneration
HPRegen  0.30/turn              p - ring of magical power
MPRegen  0.52/turn              (no ring)

@: flying
A: breathe lightning, unfitting armour, big wings, electricity resistance,
cold-blooded, AC +9
a: Breathe Lightning, Stop Flying, Renounce Religion


You were on level 12 of the Dungeon.
You worshipped Vehumet.
Vehumet was extremely pleased with you.
You were not hungry.

You visited 2 branches of the dungeon, and saw 18 of its levels.

You collected 1174 gold pieces.
You spent 300 gold pieces at shops.

Inventory:

Hand Weapons
 a - a +3 whip of freezing (weapon)
 z - a +3 dagger of protection
Missiles
 x - a throwing net (quivered)
Armour
 v - a +0 pair of gloves (worn)
 y - a +0 buckler (worn)
Magical Staves
 b - an uncursed staff of conjuration
Jewellery
 p - a ring of magical power (left hand)
 B - an amulet of magic regeneration (around neck)
Wands
 d - a wand of paralysis (11/24)
 e - a wand of confusion (11/48)
 n - a wand of lightning (10/15)
 r - a wand of flame (48/48)
 w - a wand of flame (39/48)
 F - a wand of random effects (19/48)
 N - a wand of acid (7/15)
 O - a wand of disintegration (14/24)
Scrolls
 c - 6 scrolls of recharging
 f - 2 scrolls of blinking {unknown}
 g - 7 scrolls of teleportation {!r}
 h - 5 scrolls of identify
 k - 2 scrolls of enchant armour {unknown}
 m - 5 scrolls of magic mapping
 o - 4 scrolls of remove curse
 t - a scroll of torment {unknown}
 E - 4 scrolls of fog
 J - a scroll of brand weapon {unknown}
 L - a scroll of amnesia
 M - a scroll of immolation
 Q - a scroll of summoning {unknown}
 R - a scroll of random uselessness {unknown}
Potions
 i - a potion of heal wounds {unknown}
 l - 3 potions of haste
 s - a potion of cancellation
 u - a potion of ambrosia
 A - 3 potions of curing
 H - 2 potions of brilliance
 I - a potion of berserk rage {unknown}
 K - 3 potions of degeneration
Comestibles
 j - 2 royal jellies
 C - 11 bread rations
 D - 2 meat rations
 G - 16 chunks of flesh


   Skills:
 * Level 9.2 Fighting
 - Level 10.2 Maces & Flails
 - Level 7.0 Dodging
 - Level 5.0 Stealth
 - Level 5.0 Shields
 - Level 12.0 Spellcasting
 - Level 10.2 Conjurations
 - Level 2.0 Translocations
 + Level 10.6 Fire Magic
 + Level 8.0 Air Magic


You had 17 spell levels left.
You knew the following spells:

 Your Spells              Type           Power        Failure   Level  Hunger
b - Throw Flame           Conj/Fire      ######       1%          2    None
c - Conjure Flame         Conj/Fire      ######..     1%          3    None
d - Sticky Flame          Conj/Fire      ######..     1%          4    #......
e - Airstrike             Air            #####.....   1%          4    #......
f - Fireball              Conj/Fire      ######....   1%          5    ####...
g - Blink                 Tloc           N/A          3%          2    None
p - Apportation           Tloc           ###...       2%          1    None


Dungeon Overview and Level Annotations

Branches:
Dungeon (12/15)            Temple (0/1) D:5            Lair (6/6) D:9
  Swamp (0/4) Lair:2        Snake (0/4) Lair:3        Slime (0/5) Lair:6
    Orc (0/2) D:12

Altars:
Dithmenos
Gozag
Hepliaklqana
Ru
Sif Muna
Trog
Uskayaw
Vehumet
Wu Jian
Xom

Shops:
D:9 :

Annotations:
D:7 exclusion: downstairs, Joseph
D:9 seren's ghost, novice CeHu
D:12 Snorg
Lair:2 Nergalle
Lair:6 finish vault with dragon


Innate Abilities, Weirdness & Mutations

You can breathe wild blasts of lightning.
Your glossy black scales are hard. (AC +9)
You cannot fit into any form of body armour.
Your large and strong wings let you fly indefinitely.
You are resistant to electric shocks. (rElec)
You are cold-blooded and may be slowed by cold attacks.


Message History

As you read the scroll of fear, it crumbles to dust.
You assume a fearsome visage.
Snorg burns!
Snorg barely misses you. Snorg claws you.
* * * LOW HITPOINT WARNING * * *
Snorg claws you.
* * * LOW HITPOINT WARNING * * *
Snorg bites you!!
* * * LOW HITPOINT WARNING * * *
Snorg claws you.
* * * LOW HITPOINT WARNING * * *
Snorg misses you.
Okay, then.
Okay, then.
Okay, then.
Okay, then.
It was a potion of degeneration.
There was something very wrong with that liquid.
You feel weakened.
You feel dopey.
You feel clumsy.
Snorg is no longer berserk.
Snorg burns!
Snorg bites you!
You die...

.)...^...........#
#######..........####
#.............#
#.......>.....#
#..........####
#.########.# #.# #.#
.. #.# .# #@# #T# #.#
###


You could see Snorg (burning).

Vanquished Creatures
  Josephine (D:11)
  4 hydras
  4 two-headed ogres
  2 catoblepae
  Urug (Lair:2)
  A lindwurm (Lair:6)
  Pikel (D:6)
  4 oklob plants (Lair:6)
  2 ugly things
  10 elephants (Lair:6)
  8 black mambas
  3 molten gargoyles (Lair:6)
  13 spiny frogs
  A torpor snail (Lair:5)
  2 rime drakes (Lair:4)
  9 komodo dragons
  2 ice devils (Lair:4)
  2 trolls
  A polar bear (Lair:6)
  7 blink frogs
  5 dream sheep (Lair:5)
  3 slime creatures
  9 hippogriffs
  A vampire (D:10)
  5 wraiths (D:11)
  63 yaks
  8 wyverns
  4 hungry ghosts
  A steam dragon (Lair:6)
  5 basilisks
  Menkaure (D:7)
  4 hell hounds (Lair:6)
  22 water moccasins
  10 porcupines
  A slave (D:6)
  5 orc warriors
  5 phantoms
  2 ice beasts
  3 sky beasts
  3 black bears
  3 wolves
  6 centaurs
  17 crocodiles
  12 ogres
  14 bullfrogs
  A gnoll sergeant (D:5)
  6 scorpions
  10 killer bees
  8 wights
  5 lava snakes (Lair:6)
  2 crimson imps
  A quasit (D:6)
  4 orc priests
  2 bullfrog skeletons
  2 centaur skeletons
  4 hounds
  5 jellies
  11 orc wizards
  Jessica (D:2)
  7 iguanas
  10 worker ants
  A hound zombie (D:8)
  A hound skeleton (D:7)
  A howler monkey zombie (D:5)
  6 gnolls
  16 adders
  4 shadow imps
  2 adder skeletons
  A worm (D:4)
  5 leopard geckos
  46 orcs
  6 giant cockroaches
  3 goblins (D:1)
  13 hobgoblins
  6 jackals (D:6)
  10 kobolds
  2 quokkas
  8 bats
  5 frilled lizards
  A jackal skeleton (D:6)
  10 rats
  2 fungi
  4 plants
522 creatures vanquished.

Vanquished Creatures (others)
  3 slaves (D:7)
  24 fungi
  33 plants
60 creatures vanquished.

Grand Total: 582 creatures vanquished

Notes
Turn   | Place    | Note
-------+----------+-------------------------------------------
     0 | D:1      | seren the Draconian Fire Elementalist began the quest for the Orb.
     0 | D:1      | Reached XP level 1. HP: 14/14 MP: 3/3
   657 | D:1      | Reached XP level 2. HP: 13/20 MP: 1/5
  1215 | D:1      | Reached XP level 3. HP: 25/26 MP: 4/6
  1645 | D:2      | Found a sacrificial altar of Ru.
  1716 | D:2      | Noticed a moth of wrath
  1736 | D:2      | Found a bloodstained altar of Trog.
  1931 | D:2      | Noticed Jessica
  1938 | D:2      | Killed Jessica
  1938 | D:2      | Reached XP level 4. HP: 33/33 MP: 3/7
  2025 | D:4      | Found a radiant altar of Vehumet.
  2173 | D:4      | Became a worshipper of Vehumet
  2731 | D:4      | Found a hide-covered altar of Uskayaw.
  2743 | D:3      | Learned a level 2 spell: Throw Flame
  2747 | D:3      | Learned a level 3 spell: Conjure Flame
  3146 | D:5      | Entered Level 5 of the Dungeon
  3156 | D:5      | Reached XP level 5. HP: 32/38 MP: 0/9
  3308 | D:4      | Found a deep blue altar of Sif Muna.
  3423 | D:4      | Reached skill level 3 in Spellcasting
  3882 | D:4      | Reached XP level 6. HP: 45/45 MP: 4/10
  3888 | D:4      | Learned a level 4 spell: Sticky Flame
  4456 | D:5      | Reached * piety under Vehumet
  4456 | D:5      | Offered knowledge of Freeze by Vehumet.
  4587 | D:5      | Reached skill level 5 in Fire Magic
  4611 | D:5      | Found a staircase to the Ecumenical Temple.
  4675 | D:5      | Found an ornate altar of the Wu Jian Council.
  4840 | D:5      | Noticed a sky beast
  4861 | D:5      | Your scales start taking on a glossy black colour.
  4861 | D:5      | Reached XP level 7. HP: 51/51 MP: 11/11
  4861 | D:5      | Gained mutation: You are resistant to electric shocks. (rElec) [Black Draconian growth]
  4873 | D:5      | Reached skill level 1 in Fighting
  5232 | D:7      | Noticed a hippogriff
  5533 | D:6      | Reached skill level 5 in Conjurations
  5598 | D:6      | Reached XP level 8. HP: 59/62 MP: 13/13
  5645 | D:6      | Reached skill level 4 in Spellcasting
  5648 | D:6      | Reached skill level 1 in Shields
  5917 | D:6      | Found a shadowy altar of Dithmenos.
  6626 | D:7      | Noticed Pikel
  6893 | D:6      | Reached ** piety under Vehumet
  7066 | D:6      | Killed Pikel
  7066 | D:6      | Reached skill level 5 in Spellcasting
  7066 | D:6      | Reached XP level 9. HP: 43/72 MP: 2/16
  7289 | D:7      | Noticed Joseph
  7443 | D:6      | Offered knowledge of Throw Frost by Vehumet.
  7696 | D:6      | Reached skill level 5 in Shields
  7752 | D:7      | Reached skill level 5 in Fighting
  8205 | D:7      | Noticed Menkaure
  8210 | D:7      | Killed Menkaure
  8344 | D:7      | Learned a level 5 spell: Fireball
  8422 | D:8      | Noticed a two-headed ogre
  8440 | D:8      | Found a hazy altar of Hepliaklqana.
  8462 | D:8      | Reached XP level 10. HP: 44/83 MP: 18/18
  8674 | D:8      | Reached skill level 6 in Spellcasting
  8822 | D:8      | Offered knowledge of Ignite Poison by Vehumet.
  9040 | D:8      | Found a shimmering altar of Xom.
  9048 | D:8      | Noticed a two-headed ogre
  9151 | D:8      | Found an opulent altar of Gozag.
  9521 | D:9      | Noticed seren's ghost (novice CeHu)
  9581 | D:10     | Entered Level 10 of the Dungeon
  9634 | D:9      | Found a shadowy altar of Dithmenos.
  9774 | D:9      | Reached *** piety under Vehumet
  9947 | D:9      | Found Zunlix's Book Emporium.
  9977 | D:9      | Noticed a two-headed ogre
  9990 | D:9      | Killed a two-headed ogre
 10524 | D:9      | Found a staircase to the Lair.
 10528 | D:9      | Reached skill level 5 in Dodging
 10537 | Lair:1   | Entered Level 1 of the Lair of Beasts
 11270 | Lair:1   | Reached XP level 11. HP: 73/91 MP: 21/21
 11826 | Lair:1   | Reached skill level 1 in Maces & Flails
 11837 | Lair:1   | Offered knowledge of Fulminant Prism by Vehumet.
 11860 | Lair:1   | Reached skill level 7 in Spellcasting
 12305 | Lair:2   | Found a staircase to the Swamp.
 12372 | Lair:2   | Noticed Urug
 12419 | Lair:2   | Noticed Nergalle
 12490 | Lair:2   | Learned a level 1 spell: Apportation
 13135 | Lair:2   | Noticed a six-headed hydra
 13603 | Lair:2   | Killed Urug
 14530 | Lair:4   | Noticed a six-headed hydra
 14540 | Lair:3   | Reached skill level 8 in Spellcasting
 14540 | Lair:3   | Reached skill level 5 in Stealth
 14757 | Lair:3   | Reached **** piety under Vehumet
 14920 | Lair:3   | Found a staircase to the Snake Pit.
 14959 | Lair:3   | Offered knowledge of Yara's Violent Unravelling by Vehumet.
 15678 | Lair:3   | Reached XP level 12. HP: 82/100 MP: 24/24
 15765 | Lair:3   | Noticed a six-headed hydra
 15774 | Lair:3   | Killed a six-headed hydra
 15774 | Lair:3   | Reached skill level 9 in Spellcasting
 16413 | Lair:3   | Reached skill level 10 in Fire Magic
 17118 | Lair:4   | Killed a six-headed hydra
 17118 | Lair:4   | Reached skill level 5 in Maces & Flails
 17359 | Lair:4   | Reached ***** piety under Vehumet
 17367 | Lair:4   | Reached skill level 10 in Spellcasting
 17370 | Lair:4   | Offered knowledge of Airstrike by Vehumet.
 17489 | Lair:4   | Learned a level 4 spell: Airstrike
 17531 | Lair:4   | Reached skill level 10 in Conjurations
 17995 | Lair:5   | Reached skill level 1 in Air Magic
 18232 | D:9      | Bought a book of Minor Magic for 300 gold pieces
 18236 | D:9      | Learned a level 2 spell: Blink
 18459 | Lair:5   | Reached XP level 13. HP: 105/105 MP: 22/27
 18857 | Lair:6   | Entered Level 6 of the Lair of Beasts
 18869 | Lair:6   | Reached skill level 1 in Translocations
 18976 | Lair:6   | Reached skill level 11 in Spellcasting
 19421 | Lair:5   | Reached skill level 5 in Air Magic
 19522 | Lair:5   | Got a brightly glowing long sword
 19523 | Lair:5   | Identified the cursed +3 long sword "Icush" {slice, -Tele +Rage MR++ Stlth+} (You found it on level 5 of the Lair of Beasts)
 19989 | Lair:6   | Gained mutation: Your large and strong wings let you fly indefinitely. [Black Draconian growth]
 19989 | Lair:6   | Reached XP level 14. HP: 113/113 MP: 29/29
 21401 | Lair:6   | Found a staircase to the Slime Pits.
 21637 | Lair:6   | Reached skill level 10 in Maces & Flails
 22139 | Lair:6   | Reached skill level 12 in Spellcasting
 22179 | Lair:6   | Offered knowledge of Ozocubu's Refrigeration by Vehumet.
 22788 | Lair:6   | Found a large runed door.
 22789 | Lair:6   | Found a large runed door.
 24301 | D:11     | Found a shimmering altar of Xom.
 24915 | D:11     | Offered knowledge of Bolt of Draining by Vehumet.
 24918 | D:11     | Reached XP level 15. HP: 123/123 MP: 20/31
 25238 | D:11     | Noticed Josephine
 25244 | D:11     | Killed Josephine
 25410 | D:12     | Found the +7 great mace "Undeadhunter" {disrupt, rN+}
 25457 | D:12     | Upgraded the game from 0.21-a0-207-g4a9efaf to 0.21-a0-210-gbfa5647
 25818 | D:12     | Found a staircase to the Orcish Mines.
 25820 | D:12     | Noticed Snorg
 25847 | D:12     | HP: 5/124 [Snorg (18)]
 25847 | D:12     | HP: 1/124 [Snorg (4)]
 25848 | D:12     | Mangled by Snorg

Vault maps used:
D:1:      tarquinn_simple_flora_water_d
D:2:      tgw_trog, nicolae_ru_awakened_eye, uniq_jessica
D:3:      first_bread
D:4:      lemuel_crystal_altar, vehumet_altar_wand_db,
          eat_drink_and_be_merry_uskayaw, minmay_misc_feat_roman
D:5:      overflow_temple_1_default, minmay_temple_entry_enclosed_plants
D:6:      slow_altar_2, grunt_ministairs_13, nicolae_dithmenos_shadow_blocks
D:7:      uniq_pikel, uniq_joseph, uniq_menkaure
D:8:      kennysheep_mini, lemuel_doored_altar, basic_altar
D:9:      grunt_lair_entry_orc_guard_hut, serial_shops, shop, basic_altar
D:11:     grunt_ogre_cave, lemuel_statue_altar, uniq_josephine
D:12:     orc_0_dummy, uniq_snorg, uniq_gastronok
Lair:2:   swamp_mist_pool, wad_woods_road_05, grunt_megastairs_5, uniq_nergalle,
          uniq_urug
Lair:3:   minmay_snake_entry_six_corridors
Lair:4:   portal_ice_cave_demonic_guard, minmay_hedge_maze, grunt_megastairs_1
Lair:5:   serial_bayou_shore_b, infiniplex_staircase_pool_2
Lair:6:   cheibrodos_lair_end_hotspot, minmay_slime_entry_pillars,
          patterned_corridor, minmay_lair_oklob_chamber

Skill      XL: |  1  2  3  4  5  6  7  8  9 10 11 12 13 14 15 |
---------------+----------------------------------------------+-----
Stealth        | 2 4 5 |  5.0
Dodging        | 2 3 5 7 |  7.0
Conjurations   | 2 3 4 5 6 8 9 10 | 10.2
Fire Magic     | 4 5 6 7 8 9 10 | 10.6
Spellcasting   | 3 5 6 8 10 11 12 | 12.0
Fighting       | 2 4 5 6 7 8 9 |  9.2
Shields        | 4 5 |  5.0
Maces & Flails | 4 6 9 10 | 10.2
Air Magic      | 3 5 7 8 |  8.0
Translocations | 2 |  2.0

Action                   |  1- 3 |  4- 6 |  7- 9 | 10-12 | 13-15 || total
-------------------------+-------+-------+-------+-------+-------++-------
Melee: Dagger            |    66 |    47 |    97 |       |       ||   210
       Tailslap          |     3 |     1 |    14 |    30 |    25 ||    73
       Whip              |       |       |    39 |   243 |   175 ||   457
 Cast: Flame Tongue      |    47 |   104 |   124 |    21 |    17 ||   313
       Throw Flame       |       |    14 |    37 |   207 |   205 ||   463
       Conjure Flame     |       |     1 |    12 |    19 |    24 ||    56
       Sticky Flame      |       |       |    23 |    92 |    62 ||   177
       Fireball          |       |       |       |    50 |    85 ||   135
       Apportation       |       |       |       |     5 |     9 ||    14
       Blink             |       |       |       |       |    14 ||    14
       Airstrike         |       |       |       |       |    59 ||    59
 Abil: Breathe Lightning |       |       |     5 |       |       ||     5
       Fly               |       |       |       |       |     1 ||     1
  Use: Scroll            |       |     3 |     2 |    12 |     9 ||    26
       Potion            |       |       |       |     1 |     2 ||     3
 Stab: Sleeping          |     2 |     4 |     3 |     2 |     1 ||    12
  Eat: Chunk             |     4 |    10 |    10 |    50 |    38 ||   112
       Royal jelly       |       |       |     1 |     2 |     1 ||     4
       Meat ration       |       |       |     1 |       |       ||     1
       Bread ration      |       |       |       |     2 |       ||     2
       Fruit             |       |       |       |     1 |       ||     1
Armor: Skin              |    18 |    23 |    75 |    74 |    44 ||   234
Dodge: Dodged            |    61 |    49 |   140 |   170 |   130 ||   550
Block: Buckler           |       |       |    31 |    61 |    40 ||   132

Table legend:
 A = Spawn XP
 B = Non-spawn XP
 C = Spawn XP percentage of total XP
 D = Spawn monster count
 E = Non-spawn monster count
 F = Spawn count percentage of total count
 G = Total turns spent on level
                    A         B        C        D         E        F      G
               +---------+---------+-------+---------+---------+-------+---------
         Total |     186 |    1332 |  12.3 |       5 |      12 |  29.4 |   391
               +---------+---------+-------+---------+---------+-------+---------
          D:12 |     186 |    1332 |  12.3 |       5 |      12 |  29.4 |   391
               +---------+---------+-------+---------+---------+-------+---------
